 Dungeon Crawl Stone Soup version 0.27-a0-1324-ge0d8e047f6 (webtiles) character file.

Game seed: 7821458391424191573

12806 night the Frost Mage (level 11, -6/87 HPs)
             Began as a Demonspawn Ice Elementalist on June 23, 2021.
             Was an Initiate of Gozag.
             Killed from afar by an ogre mage (19 damage)
             ... with a bolt of magma
             ... while paralysed by an ogre mage
             ... on level 11 of the Dungeon.
             The game lasted 00:36:09 (16648 turns).

night the Frost Mage (Demonspawn Ice Elementalist) Turns: 16648, Time: 00:36:10

Health: -6/87      AC:  6    Str: 15    XL:     11   Next: 67%
Magic:  21/23      EV:  2    Int: 19    God:    Gozag
Gold:   967        SH:  0    Dex: 14    Spells: 7/27 levels left

rFire    . . .     SeeInvis .   A - +3 whip (elec)
rCold    + . .     Faith    +   (no shield)
rNeg     + . .     Spirit   .   E - +0 ring mail {rC+}
rPois    .         Reflect  .   (no helmet)
rElec    +         Harm     .   U - +0 cloak
rCorr    .         Rampage  .   (no gloves)
Will     .....                  (boots unavailable)
Stlth    ++........             k - amulet of faith
HPRegen  0.24/turn              n - ring of positive energy
MPRegen  0.18/turn              I - ring of the Imp {rElec Str+6}

@: paralysed, freezing walls
A: talons 3, demonic guardian 1, sturdy frame 2, demonic magic 2
a: Renounce Religion, Potion Petition, Call Merchant, Bribe Branch


You were on level 11 of the Dungeon.
You worshipped Gozag.
Gozag was pleased with you.
You visited 2 branches of the dungeon, and saw 12 of its levels.

You collected 1640 gold pieces.
You spent 580 gold pieces at shops.
You paid 93 gold pieces to Gozag.

Inventory:

Hand Weapons
 b - a +0 dagger
 e - a +1 dagger of draining
 q - a +0 morningstar of flaming
 r - a +4 whip
 s - a +2 vampiric whip
 A - a +3 whip of electrocution (weapon)
 P - a +1 vorpal hunting sling
Missiles
 c - 240 stones
 o - 149 sling bullets
 t - 127 arrows
 G - 30 poisoned darts (quivered)
 H - 112 bolts
 M - 8 boomerangs
 O - 4 boomerangs of dispersal
 V - a curare-tipped dart
Armour
 a - a +0 robe
 m - a +0 kite shield
 E - a +0 ring mail of cold resistance (worn)
 U - a +0 cloak (worn)
Jewellery
 k - an amulet of faith (around neck)
 l - a ring of protection from fire
 n - a ring of positive energy (left hand)
 D - a ring of willpower
 I - the ring of the Imp (right hand) {rElec Str+6}
   (You bought it in a shop on level 4 of the Dungeon)

   [ring of strength]

   It affects your strength (+6).
   It insulates you from electricity.
 R - a ring of see invisible
Wands
 p - a wand of mindburst (9)
 y - a wand of flame (3)
 C - a wand of paralysis (6)
 K - a wand of iceblast (10)
 N - a wand of polymorph (17)
Scrolls
 h - a scroll of teleportation
 j - 2 scrolls of fog
 u - a scroll of enchant weapon
 w - 3 scrolls of blinking
 F - a scroll of magic mapping
 Q - 2 scrolls of fear
 S - 2 scrolls of identify
Potions
 d - 2 potions of might
 f - 2 potions of heal wounds
 g - a potion of brilliance {unknown}
 i - 3 potions of curing
 v - a potion of cancellation
 x - 5 potions of lignification
 z - 2 potions of haste
 B - 2 potions of invisibility
 J - a potion of berserk rage {unknown}
 L - a potion of magic {unknown}
 T - a potion of ambrosia {unknown}


   Skills:
 + Level 8.5 Fighting
 + Level 7.8 Maces & Flails
 - Level 1.7 Dodging
 - Level 1.7 Stealth
 - Level 8.8 Spellcasting
 + Level 3.8 Fire Magic
 - Level 9.3 Ice Magic
 + Level 4.2 Poison Magic


You had 7 spell levels left.
You knew the following spells:

 Your Spells              Type           Power      Damage    Failure   Level
a - Freeze                Ice            100%       1d11      1%          1
b - Frozen Ramparts       Ice            88%        1d10      1%          3
c - Ozocubu's Armour      Ice            44%        N/A       1%          3
d - Summon Ice Beast      Ice/Summ       26%        N/A       14%         4
e - Fireball              Conj/Fire      7%         3d5       75%         5
f - Olgreb's Toxic Radia  Pois           24%        N/A       16%         4

Your spell library contained the following spells:

 Spells                   Type           Power      Damage    Failure   Level
 Ensorcelled Hibernation  Hex/Ice        52%        N/A       1%          2
 Sting                    Tmut/Pois      64%        1d6       3%          1
 Foxfire                  Conj/Fire      60%        2x1d7     4%          1
 Poisonous Vapours        Pois/Air       32%        N/A       6%          2
 Beastly Appendage        Tmut           16%        N/A       10%         1
 Corona                   Hex            8%         N/A       10%         1
 Sandblast                Erth           16%        2d6       10%         1
 Summon Small Mammal      Summ           32%        N/A       10%         1
 Ignite Poison            Fire/Tmut/Pois 18%        N/A       10%         3
 Spider Form              Tmut/Pois      8%         N/A       12%         3
 Conjure Flame            Conj/Fire      15%        6-21      13%         3
 Inner Flame              Hex/Fire       15%        N/A       13%         3
 Call Imp                 Summ           8%         N/A       14%         2
 Passwall                 Tmut/Erth      6%         N/A       14%         2
 Wereblood                Tmut           8%         N/A       14%         2
 Hailstorm                Conj/Ice       26%        3d7       14%         4
 Ice Form                 Ice/Tmut       26%        N/A       14%         4
 Mephitic Cloud           Conj/Pois/Air  13%        N/A       16%         3
 Call Canine Familiar     Summ           8%         N/A       28%         3
 Confusing Touch          Hex            8%         N/A       28%         3
 Dazzling Flash           Conj/Hex       16%        N/A       28%         3
 Stone Arrow              Conj/Erth      16%        3d8       28%         3
 Summon Guardian Golem    Hex/Summ       8%         N/A       28%         3
 Tukima's Dance           Hex            8%         N/A       28%         3
 Metabolic Englaciation   Hex/Ice        13%        N/A       36%         5
 Sticky Flame             Conj/Fire      15%        2d4       38%         4
 Petrify                  Tmut/Erth      8%         N/A       67%         4
 Summon Lightning Spire   Summ/Air       8%         N/A       67%         4
 Lee's Rapid Deconstruct  Erth           4%         3d6*      95%         5
 Starburst                Conj/Fire      7%         8x6d4     100%        6
 Ignition                 Fire           11%        3d5       100%        8


Dungeon Overview and Level Annotations

Branches:
Dungeon (11/15)            Temple (1/1) D:7            Lair (0/6) D:11
    Orc (0/2) D:9

Altars:
Ashenzari
Cheibriados
Dithmenos
Elyvilon
Fedhas
Gozag
Hepliaklqana
Kikubaaqudgha
Makhleb
Nemelex Xobeh
Okawaru
Qazlal
Ru
Sif Muna
Trog
Uskayaw
Vehumet
Wu Jian
Xom
Yredelemnul
Zin
The Shining One

Shops:
D:4 [*   D:6 :   D:8 (

Portals:
Trove: D:10 (give +8 demon whip)

Annotations:
D:10 1 runed translucent door


Innate Abilities, Weirdness & Mutations

You have claws for feet.
A weak demonic guardian rushes to your aid.
Your movements are less encumbered by armour. (ER -4)
Spells you cast may paralyse nearby enemies.


Message History

Magic restored.
You now have 967 gold pieces (gained 7).
You see here a +0 flail.
An ogre mage comes into view. It is wielding a +0 whip.
The ogre mage shouts!
The ogre mage casts a spell.
The ogre mage flickers and vanishes!
Deactivating autopickup; reactivate with Ctrl-A.
Something tries to affect you, but you resist.
You hear some strange, mumbled words.
A bolt of magma appears from out of thin air!
The bolt of magma misses you.
You hear a shout!
Casting: Ozocubu's Armour (safe; 1% risk of failure)
Confirm with . or Enter, or press ? or * to list all spells.
Casting: Frozen Ramparts (safe; 1% risk of failure)
Press: ? - help, Dir - look around, f - activate The walls around you are covered in ice.
Malevolent energies surge around you.
The wall freezes something!
You hear some strange, mumbled words.
You suddenly lose the ability to move!
A cyclops comes into view.
The wall freezes something!
Something hits you.
The wall freezes something!
Something hits you.
The wall freezes something.
Something hits you.
The wall freezes the cyclops.
The cyclops throws a large rock.
The large rock hits you!!!
Ouch! That really hurt!
A demonic guardian appears!
The wall freezes something.
Something hits you.
The wall freezes the cyclops!
The wall freezes something!
You hear some strange, mumbled words.
A bolt of magma appears from out of thin air!
The bolt of magma hits you!
* * * LOW HITPOINT WARNING * * *
The wall freezes something.
You hear some strange, mumbled words.
A bolt of magma appears from out of thin air!
The bolt of magma hits you!!
You die...
Your body crumbles into a pile of gold.

######### ##.................
##...#...######..#######..#.##.##
#................# #.##.#..#.
.................# #. #..#.#.
............)....# ' #.#..#.
.......?.........# . #...#.#.
#..........#####.# .P #..##.#.
##...#<)......##.####### #.#.#.##
### ####...#...@4...... #####...
###.####{##.#..# #...## ... .C#
#.# #.○#.. ####..# #..#####°#.##
##.. #...#..#.#..
#.#.###.##.##.#..#
#.......[.#..#....
#.###+###.###..... $ #...####.#


You could see a cyclops and a friendly rust devil (summoned).

Vanquished Creatures
  A two-headed ogre (D:8)
  Nergalle (D:10)
  Pikel (D:9)
  A cyclops (D:11)
  Joseph (D:8)
  Psyche (D:8)
  A komodo dragon (D:11)
  A troll (D:11)
  Prince Ribbit (D:8)
  A meliai zombie (D:11)
  A shadow (D:11)
  A wyvern (D:11)
  15 yaks
  A vampire (D:11)
  3 vampire mosquitoes
  2 water moccasins
  An acid dragon (D:11)
  A black bear (D:7)
  7 orc warriors
  2 sky beasts
  2 necrophages
  4 ogres
  3 centaurs
  3 lemures (D:9)
  4 kobold brigands
  4 bullfrogs (D:7)
  A gnoll sergeant (D:8)
  A scorpion (D:5)
  2 water moccasin zombies (D:6)
  A wyvern skeleton (D:7)
  11 killer bees
  A wight (D:7)
  A howler monkey (D:8)
  2 electric eels (D:9)
  4 centaur zombies
  A bullfrog zombie (D:7)
  2 jellies (D:8)
  A centaur skeleton (D:7)
  9 orc priests
  A hound (D:5)
  Natasha (twice) (D:3)
  Ijyb (D:3)
  3 iguanas
  8 orc wizards
  A hound zombie (D:5)
  A hound skeleton (D:4)
  6 gnolls
  A howler monkey skeleton (D:7)
  5 adders
  2 shadow imps (D:7)
  A white imp (D:7)
  An adder skeleton (D:5)
  4 worms
  3 dart slugs
  38 orcs
  4 ball pythons
  5 endoplasms
  3 giant cockroaches
  7 hobgoblins
  12 jackals
  2 quokkas
  A bat (D:3)
  5 frilled lizards
  6 goblins
  16 kobolds
  A rat (D:2)
241 creatures vanquished.

Vanquished Creatures (collateral kills)
  A boulder beetle (D:11)
  2 hydras (D:11)
  A vampire mosquito (D:11)
  A hornet zombie (D:9)
  An ogre (D:4)
  A howler monkey (D:9)
  An orc priest (D:9)
  2 orc wizards
  An adder (D:3)
  6 orcs
  A bat (D:3)
18 creatures vanquished.

Vanquished Creatures (others)
  10 plants (D:11)
10 creatures vanquished.

Grand Total: 269 creatures vanquished

Notes
Turn   | Place    | Note
-------+----------+-------------------------------------------
     0 | D:1      | night the Demonspawn Ice Elementalist began the quest for
                  | the Orb.
     0 | D:1      | Reached XP level 1. HP: 13/13 MP: 3/3
   474 | D:1      | Gained mutation: You have sharp toenails. [demonic
                  | ancestry]
   474 | D:1      | Reached XP level 2. HP: 19/19 MP: 3/5
   847 | D:1      | Reached skill level 4 in Ice Magic
  1285 | D:1      | Gained mutation: A weak demonic guardian rushes to your
                  | aid. [demonic ancestry]
  1285 | D:1      | Reached XP level 3. HP: 24/24 MP: 4/7
  1289 | D:1      | Learned a level 3 spell: Frozen Ramparts
  1293 | D:1      | Learned a level 3 spell: Ozocubu's Armour
  2328 | D:2      | Reached XP level 4. HP: 30/30 MP: 8/8
  2406 | D:2      | Found a faded altar of an unknown god.
  3184 | D:3      | Found a hazy altar of Hepliaklqana.
  3500 | D:3      | Found a hide-covered altar of Uskayaw.
  3521 | D:3      | Noticed Ijyb
  3527 | D:3      | Gained mutation: You have razor-sharp toenails. [demonic
                  | ancestry]
  3527 | D:3      | Reached XP level 5. HP: 30/35 MP: 6/10
  3531 | D:3      | Killed Ijyb
  3532 | D:3      | Reached skill level 5 in Ice Magic
  3904 | D:3      | Noticed Natasha
  3916 | D:3      | Killed Natasha
  4115 | D:3      | Noticed Natasha
  4124 | D:3      | Killed Natasha
  4626 | D:4      | Found Rippomil's Armour Shop.
  4778 | D:4      | Gained mutation: Your movements are slightly less
                  | encumbered by armour. (ER -2) [demonic ancestry]
  4778 | D:4      | Reached XP level 6. HP: 36/41 MP: 12/12
  5079 | D:4      | Found Axyid's Assorted Antiques.
  5610 | D:4      | Reached skill level 5 in Spellcasting
  5610 | D:4      | Reached skill level 6 in Ice Magic
  5610 | D:4      | Gained mutation: Spells you cast may paralyse adjacent
                  | enemies. [demonic ancestry]
  5610 | D:4      | Reached XP level 7. HP: 46/46 MP: 7/14
  5991 | D:5      | Entered Level 5 of the Dungeon
  5997 | D:5      | Learned a level 4 spell: Summon Ice Beast
  6501 | D:5      | Reached skill level 1 in Fighting
  6518 | D:5      | Reached skill level 1 in Maces & Flails
  6763 | D:5      | Gained mutation: Your movements are less encumbered by
                  | armour. (ER -4) [demonic ancestry]
  6763 | D:5      | Reached XP level 8. HP: 56/56 MP: 10/17
  6931 | D:5      | Reached skill level 2 in Fighting
  7271 | D:6      | Reached skill level 2 in Maces & Flails
  7369 | D:6      | Found a shadowy altar of Dithmenos.
  7463 | D:6      | Found Qoowo's Book Boutique.
  7483 | D:6      | Reached skill level 7 in Ice Magic
  8749 | D:7      | Found a staircase to the Ecumenical Temple.
  8811 | Temple   | Entered the Ecumenical Temple
  9152 | D:4      | Bought a steaming jade ring for 140 gold pieces
  9152 | D:4      | Identified the ring of the Imp {rElec Str+6} (You bought it
                  | in a shop on level 4 of the Dungeon)
  9289 | Temple   | Became a worshipper of Gozag Ym Sagoz the Greedy
  9342 | D:7      | Gained mutation: You have claws for feet. [demonic
                  | ancestry]
  9342 | D:7      | Reached XP level 9. HP: 64/65 MP: 13/19
  9965 | D:8      | Noticed Prince Ribbit
  9966 | D:8      | Noticed a two-headed ogre
  9976 | D:8      | Killed a two-headed ogre
  9976 | D:8      | HP: 9/65 [centaur/arrow (10)]
  9976 | D:8      | Killed Prince Ribbit
  9977 | D:8      | Reached skill level 5 in Fighting
  9977 | D:8      | Reached skill level 8 in Ice Magic
 10638 | D:8      | Noticed Psyche
 10645 | D:8      | Killed Psyche
 10646 | D:8      | Reached skill level 5 in Maces & Flails
 10934 | D:8      | Found a burning altar of Makhleb.
 11050 | D:8      | Noticed Joseph
 11063 | D:8      | Killed Joseph
 11064 | D:8      | Gained mutation: Spells you cast may paralyse nearby
                  | enemies. [demonic ancestry]
 11064 | D:8      | Reached XP level 10. HP: 48/76 MP: 15/21
 11638 | D:8      | Found Rolitunt's Weapon Boutique.
 11899 | D:9      | Noticed Pikel
 11918 | D:9      | Killed Pikel
 12106 | D:9      | Found a blossoming altar of Fedhas.
 12106 | D:9      | Found a stormy altar of Qazlal.
 12107 | D:9      | Found an iron altar of Okawaru.
 12612 | D:9      | Reached skill level 9 in Ice Magic
 12965 | D:9      | Found a staircase to the Orcish Mines.
 13136 | D:10     | Entered Level 10 of the Dungeon
 13370 | D:10     | Found a runed translucent door.
 13370 | D:10     | Noticed a sixfirhy
 13499 | D:10     | Found a portal to a secret trove of treasure.
 13816 | D:10     | Learned a level 5 spell: Fireball
 13904 | D:6      | Bought a Young Poisoner's Handbook for 440 gold pieces
 13909 | D:6      | Learned a level 4 spell: Olgreb's Toxic Radiance
 14264 | D:10     | Found a shimmering blue altar of Sif Muna.
 14473 | D:10     | Noticed Nergalle
 14520 | D:10     | Killed Nergalle
 14521 | D:10     | Reached skill level 1 in Fire Magic
 14521 | D:10     | Reached skill level 1 in Poison Magic
 14521 | D:10     | Reached XP level 11. HP: 27/80 MP: 17/23
 14981 | D:11     | Reached skill level 2 in Poison Magic
 14988 | D:11     | Reached skill level 2 in Fire Magic
 15096 | D:11     | Noticed an eight-headed hydra
 15272 | D:11     | Found a staircase to the Lair.
 15290 | D:11     | Killed an eight-headed hydra
 15842 | D:11     | Noticed a boulder beetle
 15863 | D:11     | Killed a boulder beetle
 15960 | D:11     | Identified the -3 helmet of Music {*Corrode Will++ Regen+
                  | SInv}
 16093 | D:11     | Noticed an eight-headed hydra
 16096 | D:11     | Noticed a boulder beetle
 16113 | D:11     | Noticed a brown ugly thing
 16113 | D:11     | Noticed a cyan ugly thing
 16121 | D:11     | Noticed a centaur warrior
 16124 | D:11     | HP: 7/87 [centaur warrior/arrow (9)]
 16509 | D:11     | Killed an eight-headed hydra
 16637 | D:11     | Noticed an ogre mage
 16642 | D:11     | Paralysed by something for 7 turns
 16647 | D:11     | HP: 13/87 [something/bolt of magma (17)]
 16648 | D:11     | Killed from afar by an ogre mage

Illustrated notes

Levels and vault maps discovered:
D:1:      giann_wishing_wells, layout_basic
D:2:      layout_basic, hellmonk_ecumenical_altar_pennies_from_heaven,
          minmay_crystal_water, minmay_misc_feat_nine_boxes
D:3:      layout_basic, nicolae_uskayaw_murder_on_the_dancefloor,
          nicolae_hepliaklqana_hazy_memory, uniq_natasha, uniq_ijyb
D:4:      layout_loops_ring, serial_shops, nicolae_diamond_shop,
          nicolae_lakefront_shop, kennysheep_generic_room_7
D:5:      layout_cave_pods, minmay_misc_feat_square
D:6:      layout_loops_ring, lemuel_tele_altar, serial_shops,
          nicolae_diamond_shop
D:7:      layout_basic, minmay_temple_entry_glassed_door, minmay_diced_spiral
D:8:      layout_loops_corners, bloody_makhleb, serial_shops, kennysheep_mini,
          uniq_prince_ribbit1, uniq_psyche, uniq_joseph
D:9:      layout_basic, gammafunk_temple_overflow_claw, erik_orc_2, uniq_pikel
D:10:     cheibrodos_shockbox, layout_loops_ring, led_sif_book, enter_trove_1,
          uniq_nergalle
D:11:     minmay_bloctagon, layout_rooms, lair_entry_dummy,
          minmay_shattered_shrine
Temple:   dpeg_chambers_temple

Skill      XL: |  1  2  3  4  5  6  7  8  9 10 11 |
---------------+----------------------------------+-----
Ice Magic      | 4 5 6 7 8 9 |  9.3
Spellcasting   | 3 4 5 6 7 8 |  8.8
Fighting       | 1 4 5 7 8 |  8.5
Maces & Flails | 1 3 5 6 7 |  7.8
Fire Magic     | 1 3 |  3.8
Poison Magic   | 1 4 |  4.2
Dodging        | |  1.7
Stealth        | |  1.7

Action                   |  1- 3 |  4- 6 |  7- 9 | 10-12 || total
-------------------------+-------+-------+-------+-------++-------
Melee: Dagger            |    37 |    44 |       |       ||    81
       Kick              |     7 |    13 |    38 |    36 ||    94
       Morningstar       |       |    10 |       |       ||    10
       Whip              |       |    23 |   140 |   156 ||   319
       Unarmed           |       |       |     2 |       ||     2
Throw: Dart              |       |       |     7 |     5 ||    12
 Cast: Freeze            |    48 |    30 |    13 |     1 ||    92
       Frozen Ramparts   |     3 |    10 |    24 |    33 ||    70
       Ozocubu's Armour  |       |     4 |    21 |    21 ||    46
       Summon Ice Beast  |       |       |     1 |    31 ||    32
       Olgreb's Toxic Ra |       |       |       |     2 ||     2
Evoke: Wand              |       |     3 |     2 |    26 ||    31
  Use: Scroll            |     5 |     3 |     5 |     8 ||    21
       Potion            |       |       |     1 |     1 ||     2
 Stab: Distracted        |     1 |       |     1 |     1 ||     3
       Sleeping          |       |     1 |     3 |     1 ||     5
       Paralysed         |       |       |     5 |    11 ||    16
Armor: Robe              |    12 |    35 |     3 |       ||    50
       Ring mail         |       |       |    34 |    42 ||    76
Dodge: Dodged            |    41 |    76 |    73 |    82 ||   272

Table legend: (Time is in decaauts)
 A = Elapsed time spent in this place.
 B = Non-inter-level travel time spent in this place.
 C = Inter-level travel time spent in this place.
 D = Time resting spent in this place.
 E = Time spent auto-exploring this place.
 F = Levels seen in this place.
 G = Mean time per level.
                   A        B        C        D        E       F      G
               +--------+--------+--------+--------+--------+-----+--------+
         Total |  16622 |  15563 |   1059 |   1657 |  11679 |  12 | 1385.2 |
       Dungeon |  16332 |  15333 |    999 |   1657 |  11473 |  11 | 1484.7 |
        Temple |    290 |    231 |     59 |      0 |    206 |   1 |  290.0 |
               +--------+--------+--------+--------+--------+-----+--------+

Top non-repeatable levels by time:
    D:10: 2015 daAuts
     D:1: 1950 daAuts
     D:8: 1686 daAuts
     D:3: 1620 daAuts
     D:4: 1611 daAuts
     D:7: 1495 daAuts
     D:9: 1430 daAuts
    D:11: 1335 daAuts
     D:5: 1114 daAuts
     D:6: 1090 daAuts
     D:2: 981 daAuts
  Temple: 290 daAuts
